Thunder vs Gangsters
Created - 10 janvier 2014 at 19:03
Goals
|
| Thunder |
1 |
2 |
3 |
6 |
| Gangsters |
0 |
3 |
1 |
4 |
|
Shots
|
| Thunder |
8 |
16 |
19 |
43 |
| Gangsters |
9 |
10 |
7 |
26 |
|
1st period
1. Thunder , Joey Crabb 5 (Tom Pyatt, Scott Parse) at 16:42 (PP)
Penalties :
Tyler Myers (TRO) for Roughing (Minor) at 3:55, Alexandre Bolduc (Bro) for Charging (Minor) at 8:44, Brandon Mashinter (TRO) for Interference (Minor) at 8:44, Alexandre Bolduc (Bro) for Hooking (Minor) at 10:56, Alexandre Bolduc (Bro) for Hooking (Minor) at 16:26, Igor Radulov (Bro) for Goalie Interference (Minor) at 19:01
2nd period
2. Gangsters , Igor Radulov 30 (Dave Dziurzynski) at 1:03
3. Gangsters , Alexandre Bolduc 15 (Staffan Kronwall, Ben Holmstrom) at 10:04
4. Thunder , Joey Crabb 6 (Tom Pyatt) at 16:05
5. Gangsters , Igor Radulov 31 (Staffan Kronwall, Ryan Jones) at 18:24
6. Thunder , Matt D'Agostini 11 (Tyler Myers) at 19:01
Penalties :
Tyler Myers (TRO) for Charging (Minor) at 1:51, Matt D'Agostini (TRO) for Holding (Minor) at 10:20, Dave Dziurzynski (Bro) for Hooking (Minor) at 12:34
3rd period
7. Gangsters , Mikko Lehtonen 13 (Chris Bourque, Artem Anisimov) at 4:59
8. Thunder , Jannik Hansen 3 (Jason Blake, Matt D'Agostini) at 10:52
9. Thunder , Jason Blake 15 (Jeff Finger) at 11:02
10. Thunder , Samuel Pahlsson 25 (Jason Blake, Matt D'Agostini) at 12:15
Penalties :
Joey Crabb (TRO) for Interference (Minor) at 12:52
Goalie Stats
Barry Brust (TRO), 22 saves from 26 shots - (0,846), W, 16-11-1, 60:00 minutes
David LeNeveu (Bro), 37 saves from 43 shots - (0,860), L, 13-10-3, 60:00 minutes
Players Stats for Thunder
Player Name G A P +/- PIM S H SB GA TA FO MP PP MP PK MP
------------------------------------------------------------------------------------
Brandon Mashinter 0 0 0 0 2 0 0 0 0 0 1/2 4:07 0:00 0:00
Casey Pierro-Zabotel 0 0 0 0 0 0 0 0 0 0 0/0 0:00 0:00 0:00
Daniel Winnik 0 0 0 -1 0 5 1 1 0 0 0/0 13:43 0:00 2:09
Daultan Leveillé 0 0 0 0 0 0 0 0 0 0 0/0 0:11 0:00 0:00
Doug Janik 0 0 0 0 0 2 4 1 0 1 0/0 28:20 2:47 5:08
James Van Riemsdyk 0 0 0 0 0 2 1 0 0 0 0/0 7:34 0:00 1:08
Jannik Hansen 1 0 1 -1 0 3 1 0 0 0 0/1 12:48 0:00 1:08
Jason Blake 1 2 3 1 0 8 0 0 4 0 4/8 25:46 3:01 4:39
Jeff Finger 0 1 1 0 0 4 1 1 0 2 0/0 28:06 2:47 5:01
Jerred Smithson 0 0 0 -1 0 1 1 0 0 0 2/5 12:00 0:00 0:00
Joey Crabb 2 0 2 1 2 2 3 1 0 0 0/0 17:10 3:12 0:00
Joey Ryan 0 0 0 -1 0 1 0 0 0 0 0/0 10:59 0:00 0:00
Jon Kalinski 0 0 0 0 0 0 0 0 0 0 0/0 0:00 0:00 0:00
Kelly Zajac 0 0 0 0 0 0 0 0 0 0 0/0 0:00 0:00 0:00
Kevin Montgomery 0 0 0 -1 0 0 0 0 0 0 0/0 12:44 0:00 1:39
Matt D'Agostini 1 2 3 1 2 1 1 0 0 0 0/0 17:02 3:01 0:00
Ray Macias 0 0 0 2 0 0 3 0 0 1 0/0 20:55 3:26 2:55
Samuel Pahlsson 1 0 1 1 0 6 1 0 1 0 15/30 22:25 3:01 4:39
Scott Parse 0 1 1 1 0 4 5 0 2 1 1/2 19:45 3:12 2:09
Tom Pyatt 0 2 2 1 0 4 2 1 0 0 6/12 17:18 3:12 0:00
Tyler Myers 0 1 1 2 4 0 1 0 0 0 0/0 19:07 3:26 1:09
Players Stats for Gangsters
Player Name G A P +/- PIM S H SB GA TA FO MP PP MP PK MP
------------------------------------------------------------------------------------
Alexandre Bolduc 1 0 1 1 6 5 2 1 0 0 14/29 21:05 4:31 1:18
Alexei Emelin 0 0 0 0 0 2 2 1 1 0 0/0 29:25 4:32 3:52
Artem Anisimov 0 1 1 -2 0 0 0 0 0 1 6/8 16:05 3:25 0:00
Ben Holmstrom 0 1 1 -1 0 0 1 0 0 0 0/4 9:58 0:00 0:00
Bradley Malone 0 0 0 0 0 0 0 0 0 0 0/0 0:30 0:00 0:00
Brock Bradford 0 0 0 -1 0 1 0 0 0 0 4/6 12:25 0:08 0:51
Bryan Young 0 0 0 -3 0 0 0 0 0 0 0/0 10:05 0:00 0:00
Chris Bourque 0 1 1 -1 0 0 6 0 0 0 0/1 25:20 3:17 3:35
Colten Teubert 0 0 0 -3 0 1 0 2 0 1 0/0 10:05 0:00 0:00
Dave Dziurzynski 0 1 1 1 2 0 0 1 0 1 2/5 11:56 0:00 1:59
Igor Radulov 2 0 2 2 2 9 6 1 0 0 5/5 26:58 4:31 2:05
Luke Gazdic 0 0 0 -1 0 0 0 0 0 2 0/0 9:17 0:00 1:32
Maxime Sauvé 0 0 0 0 0 0 0 0 0 0 0/0 0:00 0:00 0:00
Mikko Lehtonen 1 0 1 -2 0 1 1 0 1 0 0/1 16:25 3:25 0:00
Nathan Moon 0 0 0 0 0 0 0 0 0 0 0/0 0:00 0:00 0:00
Phil McRae 0 0 0 0 0 0 0 0 0 0 0/0 0:00 0:00 0:00
Ryan Jones 0 1 1 1 0 5 2 0 0 0 0/1 21:32 4:31 1:06
Shaun Heska 0 0 0 2 0 0 0 1 0 1 0/0 20:42 3:24 2:21
Staffan Kronwall 0 2 2 0 0 2 0 2 1 0 0/0 29:13 4:32 3:52
Ville Koistinen 0 0 0 2 0 0 3 0 2 1 0/0 20:42 3:24 2:21
3 Stars
1 - Igor Radulov (Bro)
2 - Joey Crabb (TRO)
3 - Jason Blake (TRO)
Power Play
Thunder - 1 on 4 Attempt(s) - 25,00%
Gangsters - 0 on 4 Attempt(s) - 0,00%
Penalty Kill
Thunder - 4 on 4 Attempt(s) - 100,00%
- Score 0 goal in Penalty Kill
Gangsters - 3 on 4 Attempt(s) - 75,00%
- Score 0 goal in Penalty Kill
Official
Referees : Sutherland Kelly and Hebert Ghislain
Linesman : Derek Nansen and Jay Sharrers
Game Notes
No Game Note
Finance
Level 1 -- Attendance: 1435 (71,75%) -- Ticket Income 50 225 $
Level 2 -- Attendance: 825 (82,50%) -- Ticket Income 12 375 $
Total Attendance: 2260 (75,33%)
Total Ticket Income: 62 600 $
Other Income: 3 130 $
Total Income: 65 730 $
Thunder
5 vs 5 Forward
Center Left Wing Right Wing Time % Phy DF OF
1 Samuel Pahlsson Jason Blake Matt D'Agostini 40 1 2 2
2 Tom Pyatt Scott Parse Joey Crabb 30 1 2 2
3 Jerred Smithson Daniel Winnik Jannik Hansen 20 1 2 2
4 Brandon Mashinter James Van Riemsdyk Jason Blake 10 1 2 2
5 vs 5 Defense
Defense Defense Time % Phy DF OF
1 Doug Janik Jeff Finger 40 1 2 2
2 Ray Macias Tyler Myers 30 1 2 2
3 Joey Ryan Kevin Montgomery 20 1 2 2
4 Doug Janik Jeff Finger 10 1 2 2
PowerPlay Forward
Center Left Wing Right Wing Time % Phy DF OF
1 Samuel Pahlsson Jason Blake Matt D'Agostini 60 1 2 2
2 Tom Pyatt Scott Parse Joey Crabb 40 1 2 2
PowerPlay Defense
Defense Defense Time % Phy DF OF
1 Doug Janik Jeff Finger 60 1 2 2
2 Ray Macias Tyler Myers 40 1 2 2
Penalty Kill 4 Players Forward
Center Wing Time % Phy DF OF
1 Jason Blake Samuel Pahlsson 60 1 2 2
2 Scott Parse Daniel Winnik 40 1 2 2
Penalty Kill 4 Players Defense
Defense Defense Time % Phy DF OF
1 Doug Janik Jeff Finger 60 1 2 2
2 Ray Macias Tyler Myers 40 1 2 2
Penalty Kill - 3 Players Forward
Forward Time % Phy DF OF
1 Jason Blake 60 1 2 2
2 Samuel Pahlsson 40 1 2 2
Penalty Kill - 3 Players Defense
Defense Defense Time % Phy DF OF
1 Doug Janik Jeff Finger 60 1 2 2
2 Ray Macias Tyler Myers 40 1 2 2
4 vs 4 Forward
Center Wing Time % Phy DF OF
1 Jason Blake Samuel Pahlsson 60 1 2 2
2 Scott Parse Daniel Winnik 40 1 2 2
4 vs 4 Defense
Defense Defense Time % Phy DF OF
1 Doug Janik Jeff Finger 60 1 2 2
2 Ray Macias Tyler Myers 40 1 2 2
Last Minutes Offensive
Center Left Wing Right Wing Defense Defense
Samuel Pahlsson Jason Blake Matt D'Agostini Doug Janik Jeff Finger
Last Minutes Defensive
Center Left Wing Right Wing Defense Defense
Samuel Pahlsson Jason Blake Matt D'Agostini Doug Janik Jeff Finger
Goaltenders
Starting : Barry Brust
Backup : Ben Bishop
Extra Forwards
Normal : James Van Riemsdyk, Jerred Smithson, Jannik Hansen - PP : James Van Riemsdyk, Jerred Smithson - PK : Jannik Hansen
Extra Defensemen
Normal : Joey Ryan, Kevin Montgomery, Ray Macias - PP : Joey Ryan - PK : Kevin Montgomery, Ray Macias
Penalty Shots
Jason Blake, Samuel Pahlsson, Scott Parse, Daniel Winnik, James Van Riemsdyk
Gangsters
5 vs 5 Forward
Center Left Wing Right Wing Time % Phy DF OF
1 Alexandre Bolduc Igor Radulov Ryan Jones 40 1 2 2
2 Artem Anisimov Chris Bourque Mikko Lehtonen 30 1 2 2
3 Brock Bradford Dave Dziurzynski Igor Radulov 20 1 2 2
4 Ben Holmstrom Luke Gazdic Chris Bourque 10 1 2 2
5 vs 5 Defense
Defense Defense Time % Phy DF OF
1 Staffan Kronwall Alexei Emelin 40 1 2 2
2 Ville Koistinen Shaun Heska 30 1 2 2
3 Bryan Young Colten Teubert 20 1 2 2
4 Staffan Kronwall Alexei Emelin 10 1 2 2
PowerPlay Forward
Center Left Wing Right Wing Time % Phy DF OF
1 Alexandre Bolduc Igor Radulov Ryan Jones 60 1 2 2
2 Artem Anisimov Chris Bourque Mikko Lehtonen 40 1 2 2
PowerPlay Defense
Defense Defense Time % Phy DF OF
1 Staffan Kronwall Alexei Emelin 60 1 2 2
2 Ville Koistinen Shaun Heska 40 1 2 2
Penalty Kill 4 Players Forward
Center Wing Time % Phy DF OF
1 Igor Radulov Chris Bourque 60 1 2 2
2 Alexandre Bolduc Ryan Jones 40 1 2 2
Penalty Kill 4 Players Defense
Defense Defense Time % Phy DF OF
1 Staffan Kronwall Alexei Emelin 60 1 2 2
2 Ville Koistinen Shaun Heska 40 1 2 2
Penalty Kill - 3 Players Forward
Forward Time % Phy DF OF
1 Igor Radulov 60 1 2 2
2 Chris Bourque 40 1 2 2
Penalty Kill - 3 Players Defense
Defense Defense Time % Phy DF OF
1 Staffan Kronwall Alexei Emelin 60 1 2 2
2 Ville Koistinen Shaun Heska 40 1 2 2
4 vs 4 Forward
Center Wing Time % Phy DF OF
1 Igor Radulov Chris Bourque 60 1 2 2
2 Alexandre Bolduc Ryan Jones 40 1 2 2
4 vs 4 Defense
Defense Defense Time % Phy DF OF
1 Staffan Kronwall Alexei Emelin 60 1 2 2
2 Ville Koistinen Shaun Heska 40 1 2 2
Last Minutes Offensive
Center Left Wing Right Wing Defense Defense
Alexandre Bolduc Igor Radulov Ryan Jones Staffan Kronwall Alexei Emelin
Last Minutes Defensive
Center Left Wing Right Wing Defense Defense
Alexandre Bolduc Igor Radulov Ryan Jones Staffan Kronwall Alexei Emelin
Goaltenders
Starting : David LeNeveu
Backup : Dustin Tokarski
Extra Forwards
Normal : Brock Bradford, Ben Holmstrom, Dave Dziurzynski - PP : Brock Bradford, Ben Holmstrom - PK : Dave Dziurzynski
Extra Defensemen
Normal : Bryan Young, Colten Teubert, Ville Koistinen - PP : Bryan Young - PK : Colten Teubert, Ville Koistinen
Penalty Shots
Igor Radulov, Chris Bourque, Alexandre Bolduc, Ryan Jones, Artem Anisimov
% Time on Ice - Thunder
Lines # - Real PCT - Wanted PCT - Time Play
Normal Forward
1 - 32% - 40% - 14:15
2 - 35% - 30% - 15:31
3 - 23% - 20% - 10:00
4 - 9% - 10% - 4:06
Normal Defense
1 - 41% - 40% - 18:00
2 - 31% - 30% - 13:37
3 - 25% - 20% - 10:59
4 - 3% - 10% - 1:16
PP Forward
1 - 49% - 60% - 3:01
2 - 51% - 40% - 3:12
PP Defense
1 - 45% - 60% - 2:47
2 - 55% - 40% - 3:26
PK Forward
1 - 73% - 60% - 5:47
2 - 27% - 40% - 2:09
PK Defense
1 - 63% - 60% - 5:01
2 - 37% - 40% - 2:55
PK3 Forward
1 - 0% - 60%
2 - 0% - 40%
PK3 Defense
1 - 0% - 60%
2 - 0% - 40%
44 Forward
1 - 75% - 60% - 1:29
2 - 25% - 40% - 0:30
44 Defense
1 - 52% - 60% - 1:02
2 - 48% - 40% - 0:57
Last Minute Offensive - 0:00
Last Minute Defensive - 0:00
Total
Forward - 60:00
Defense - 60:00
|
% Time on Ice - Gangsters
Lines # - Real PCT - Wanted PCT - Time Play
Normal Forward
1 - 35% - 40% - 15:26
2 - 35% - 30% - 15:12
3 - 16% - 20% - 6:48
4 - 15% - 10% - 6:26
Normal Defense
1 - 42% - 40% - 18:33
2 - 32% - 30% - 14:14
3 - 23% - 20% - 10:05
4 - 2% - 10% - 1:00
PP Forward
1 - 57% - 60% - 4:31
2 - 43% - 40% - 3:25
PP Defense
1 - 57% - 60% - 4:32
2 - 43% - 40% - 3:24
PK Forward
1 - 82% - 60% - 5:07
2 - 18% - 40% - 1:06
PK Defense
1 - 62% - 60% - 3:52
2 - 38% - 40% - 2:21
PK3 Forward
1 - 0% - 60%
2 - 0% - 40%
PK3 Defense
1 - 0% - 60%
2 - 0% - 40%
44 Forward
1 - 75% - 60% - 1:29
2 - 25% - 40% - 0:30
44 Defense
1 - 64% - 60% - 1:16
2 - 36% - 40% - 0:43
Last Minute Offensive - 0:00
Last Minute Defensive - 0:00
Total
Forward - 60:00
Defense - 60:00
|
Play by Play
1st period
0:01 of 1st period - Alexandre Bolduc wins face-off versus Jason Blake in neutral zone.
0:06 of 1st period - Samuel Pahlsson is hit by Igor Radulov and loses puck.
0:52 of 1st period - Tyler Myers is hit by Ville Koistinen and loses puck.
1:34 of 1st period - Wrist shot by Scott Parse.
1:34 of 1st period - Stopped by David LeNeveu with a rebound.
2:06 of 1st period - Wrist shot by James Van Riemsdyk.
2:06 of 1st period - Stopped by David LeNeveu without a rebound.
2:07 of 1st period - Alexandre Bolduc wins face-off versus Brandon Mashinter in Gangsters zone.
2:22 of 1st period - Wrist shot by Alexandre Bolduc.
2:22 of 1st period - Stopped by Barry Brust without a rebound.
2:23 of 1st period - Brock Bradford wins face-off versus Tom Pyatt in Thunder zone.
2:34 of 1st period - Wrist shot by Brock Bradford.
2:34 of 1st period - Shot Misses the Net.
2:50 of 1st period - Staffan Kronwall is hit by Matt D'Agostini and loses puck.
3:15 of 1st period - Snap shot by Igor Radulov.
3:15 of 1st period - Shot Misses the Net.
3:29 of 1st period - James Van Riemsdyk is hit by Chris Bourque and loses puck.
3:47 of 1st period - Jeff Finger is hit by Ville Koistinen and loses puck.
3:55 of 1st period - Minor Penalty to Tyler Myers for Roughing.
3:56 of 1st period - Alexandre Bolduc wins face-off versus Jason Blake in Thunder zone.
4:07 of 1st period - Wrist shot by Alexandre Bolduc.
4:07 of 1st period - Stopped by Barry Brust with a rebound.
4:09 of 1st period - Wrist shot by Ryan Jones.
4:09 of 1st period - Stopped by Barry Brust with a rebound.
4:23 of 1st period - Jeff Finger is hit by Chris Bourque and loses puck.
4:54 of 1st period - Snap shot by Scott Parse.
4:54 of 1st period - Shot Misses the Net.
5:10 of 1st period - Alexei Emelin is hit by James Van Riemsdyk.
5:55 of 1st period - Penalty to Tyler Myers is over, Tyler Myers is back on ice.
6:01 of 1st period - Snap shot by Daniel Winnik.
6:01 of 1st period - Stopped by David LeNeveu without a rebound.
6:02 of 1st period - Tom Pyatt wins face-off versus Ben Holmstrom in Gangsters zone.
6:07 of 1st period - Slapshot by Scott Parse.
6:07 of 1st period - Shot Blocked by Colten Teubert.
6:23 of 1st period - Slapshot by Igor Radulov.
6:23 of 1st period - Stopped by Barry Brust with a rebound.
6:51 of 1st period - Slapshot by James Van Riemsdyk.
6:51 of 1st period - Stopped by David LeNeveu without a rebound.
6:52 of 1st period - Brandon Mashinter wins face-off versus Brock Bradford in Gangsters zone.
6:53 of 1st period - Wrist shot by Jason Blake.
6:53 of 1st period - Shot Misses the Net.
7:17 of 1st period - Jeff Finger is hit by Mikko Lehtonen and loses puck.
7:24 of 1st period - Slapshot by Tom Pyatt.
7:24 of 1st period - Shot Misses the Net.
8:17 of 1st period - Ben Holmstrom is hit by Scott Parse and loses puck.
8:42 of 1st period - Kevin Montgomery is hit by Igor Radulov and loses puck.
8:44 of 1st period - Minor Penalty to Alexandre Bolduc for Charging.
8:44 of 1st period - Minor Penalty to Brandon Mashinter for Interference.
8:45 of 1st period - Igor Radulov wins face-off versus Samuel Pahlsson in Thunder zone.
9:00 of 1st period - Snap shot by Samuel Pahlsson.
9:00 of 1st period - Stopped by David LeNeveu with a rebound.
9:33 of 1st period - Shaun Heska is hit by Ray Macias and loses puck.
9:44 of 1st period - Snap shot by Daniel Winnik.
9:44 of 1st period - Shot Misses the Net.
10:16 of 1st period - Staffan Kronwall is hit by Daniel Winnik and loses puck.
10:27 of 1st period - Snap shot by James Van Riemsdyk.
10:27 of 1st period - Shot Blocked by Staffan Kronwall.
10:44 of 1st period - Penalty to Alexandre Bolduc is over, Alexandre Bolduc is back on ice.
10:44 of 1st period - Penalty to Brandon Mashinter is over, Brandon Mashinter is back on ice.
10:45 of 1st period - Snap shot by Ryan Jones.
10:45 of 1st period - Stopped by Barry Brust without a rebound.
10:46 of 1st period - Alexandre Bolduc wins face-off versus Tom Pyatt in Thunder zone.
10:47 of 1st period - Snap shot by Igor Radulov.
10:47 of 1st period - Stopped by Barry Brust with a rebound.
10:56 of 1st period - Minor Penalty to Alexandre Bolduc for Hooking.
10:57 of 1st period - Igor Radulov wins face-off versus Samuel Pahlsson in Gangsters zone.
12:56 of 1st period - Penalty to Alexandre Bolduc is over, Alexandre Bolduc is back on ice.
13:11 of 1st period - Snap shot by Chris Bourque.
13:11 of 1st period - Shot Misses the Net.
13:49 of 1st period - Icing by Doug Janik.
13:50 of 1st period - Samuel Pahlsson wins face-off versus Alexandre Bolduc in Thunder zone.
13:50 of 1st period - Samuel Pahlsson is hit by Igor Radulov.
13:56 of 1st period - Alexandre Bolduc is hit by Doug Janik and loses puck.
14:13 of 1st period - James Van Riemsdyk is hit by Chris Bourque and loses puck.
14:31 of 1st period - Icing by Staffan Kronwall.
14:32 of 1st period - Brock Bradford wins face-off versus Samuel Pahlsson in Gangsters zone.
14:39 of 1st period - Wrist shot by Igor Radulov.
14:39 of 1st period - Stopped by Barry Brust with a rebound.
14:41 of 1st period - Snap shot by Igor Radulov.
14:41 of 1st period - Stopped by Barry Brust with a rebound.
14:43 of 1st period - Wrist shot by Dave Dziurzynski.
14:43 of 1st period - Shot Blocked by Jeff Finger.
14:53 of 1st period - Ville Koistinen is hit by Scott Parse.
15:13 of 1st period - Wrist shot by Jerred Smithson.
15:13 of 1st period - Shot Blocked by Alexandre Bolduc.
15:15 of 1st period - Slapshot by Jeff Finger.
15:15 of 1st period - Shot Misses the Net.
15:47 of 1st period - Wrist shot by Mikko Lehtonen.
15:47 of 1st period - Shot Misses the Net.
15:49 of 1st period - Slapshot by Ville Koistinen.
15:49 of 1st period - Deflect By Mikko Lehtonen.
15:49 of 1st period - Shot Misses the Net.
15:49 of 1st period - Puck is out of play.
15:50 of 1st period - Samuel Pahlsson wins face-off versus Chris Bourque in Thunder zone.
16:11 of 1st period - Matt D'Agostini is hit by Ryan Jones and loses puck.
16:26 of 1st period - Minor Penalty to Alexandre Bolduc for Hooking.
16:27 of 1st period - Igor Radulov wins face-off versus Tom Pyatt in Gangsters zone.
16:42 of 1st period - Wrist shot by Joey Crabb.
16:42 of 1st period - Goal by Joey Crabb - Thunder : 1 - Gangsters : 0.
16:43 of 1st period - Alexandre Bolduc wins face-off versus Samuel Pahlsson in neutral zone.
16:46 of 1st period - Backhand shot by Igor Radulov.
16:46 of 1st period - Shot Misses the Net.
16:58 of 1st period - Snap shot by Jason Blake.
16:58 of 1st period - Stopped by David LeNeveu with a rebound.
17:24 of 1st period - Tyler Myers is hit by Chris Bourque and loses puck.
17:31 of 1st period - Chris Bourque is hit by Joey Crabb and loses puck.
17:38 of 1st period - Wrist shot by Tom Pyatt.
17:38 of 1st period - Shot Misses the Net.
17:45 of 1st period - Icing by Alexei Emelin.
17:46 of 1st period - Artem Anisimov wins face-off versus Samuel Pahlsson in Gangsters zone.
17:46 of 1st period - Artem Anisimov is hit by Doug Janik.
18:02 of 1st period - Slapshot by Samuel Pahlsson.
18:02 of 1st period - Stopped by David LeNeveu without a rebound.
18:03 of 1st period - Alexandre Bolduc wins face-off versus Jannik Hansen in Gangsters zone.
18:12 of 1st period - Slapshot by Igor Radulov.
18:12 of 1st period - Stopped by Barry Brust without a rebound.
18:13 of 1st period - Jerred Smithson wins face-off versus Alexandre Bolduc in Thunder zone.
18:13 of 1st period - Jerred Smithson is hit by Ville Koistinen.
19:01 of 1st period - Minor Penalty to Igor Radulov for Goalie Interference.
19:02 of 1st period - Samuel Pahlsson wins face-off versus Dave Dziurzynski in Gangsters zone.
19:40 of 1st period - Icing by Ray Macias.
19:41 of 1st period - Dave Dziurzynski wins face-off versus Tom Pyatt in Thunder zone.
2nd period
0:01 of 2nd period - Samuel Pahlsson wins face-off versus Dave Dziurzynski in neutral zone.
0:14 of 2nd period - Snap shot by Jason Blake.
0:14 of 2nd period - Stopped by David LeNeveu without a rebound.
0:15 of 2nd period - Dave Dziurzynski wins face-off versus Samuel Pahlsson in Gangsters zone.
1:01 of 2nd period - Penalty to Igor Radulov is over, Igor Radulov is back on ice.
1:03 of 2nd period - Wrist shot by Igor Radulov.
1:03 of 2nd period - Goal by Igor Radulov - Thunder : 1 - Gangsters : 1.
1:04 of 2nd period - Samuel Pahlsson wins face-off versus Alexandre Bolduc in neutral zone.
1:09 of 2nd period - Backhand shot by Jason Blake.
1:09 of 2nd period - Stopped by David LeNeveu with a rebound.
1:51 of 2nd period - Minor Penalty to Tyler Myers for Charging.
1:52 of 2nd period - Jason Blake wins face-off versus Alexandre Bolduc in Thunder zone.
1:52 of 2nd period - Jason Blake is hit by Alexandre Bolduc.
2:08 of 2nd period - Snap shot by Igor Radulov.
2:08 of 2nd period - Stopped by Barry Brust with a rebound.
3:06 of 2nd period - Icing by Artem Anisimov.
3:07 of 2nd period - Scott Parse wins face-off versus Artem Anisimov in Gangsters zone.
3:51 of 2nd period - Penalty to Tyler Myers is over, Tyler Myers is back on ice.
3:56 of 2nd period - Snap shot by Brock Bradford.
3:56 of 2nd period - Deflect By Igor Radulov.
3:56 of 2nd period - Shot Misses the Net.
3:56 of 2nd period - Puck is out of play.
3:57 of 2nd period - Brock Bradford wins face-off versus Scott Parse in Thunder zone.
3:58 of 2nd period - Wrist shot by Igor Radulov.
3:58 of 2nd period - Deflect By Brock Bradford.
3:58 of 2nd period - Stopped by Barry Brust without a rebound.
3:59 of 2nd period - Tom Pyatt wins face-off versus Brock Bradford in Thunder zone.
4:04 of 2nd period - Igor Radulov is hit by Ray Macias.
4:44 of 2nd period - Slapshot by Staffan Kronwall.
4:44 of 2nd period - Shot Blocked by Daniel Winnik.
4:46 of 2nd period - Slapshot by Alexandre Bolduc.
4:46 of 2nd period - Stopped by Barry Brust with a rebound.
5:15 of 2nd period - Snap shot by Daniel Winnik.
5:15 of 2nd period - Shot Blocked by Dave Dziurzynski.
5:17 of 2nd period - Slapshot by Doug Janik.
5:17 of 2nd period - Stopped by David LeNeveu with a rebound.
5:19 of 2nd period - Wrist shot by Jannik Hansen.
5:19 of 2nd period - Shot Misses the Net.
5:21 of 2nd period - Backhand shot by Doug Janik.
5:21 of 2nd period - Shot Blocked by Igor Radulov.
5:23 of 2nd period - Wrist shot by Daniel Winnik.
5:23 of 2nd period - Stopped by David LeNeveu with a rebound.
6:28 of 2nd period - Wrist shot by Jason Blake.
6:28 of 2nd period - Stopped by David LeNeveu without a rebound.
6:29 of 2nd period - Samuel Pahlsson wins face-off versus Ben Holmstrom in Gangsters zone.
6:54 of 2nd period - Off-side.
6:55 of 2nd period - Tom Pyatt wins face-off versus Alexandre Bolduc in neutral zone.
7:22 of 2nd period - Tyler Myers is hit by Igor Radulov and loses puck.
7:32 of 2nd period - Off-side.
7:33 of 2nd period - Artem Anisimov wins face-off versus Jerred Smithson in neutral zone.
8:05 of 2nd period - Slapshot by Jason Blake.
8:05 of 2nd period - Shot Blocked by Shaun Heska.
8:07 of 2nd period - Slapshot by Jeff Finger.
8:07 of 2nd period - Shot Misses the Net.
8:09 of 2nd period - Slapshot by Doug Janik.
8:09 of 2nd period - Shot Misses the Net.
8:11 of 2nd period - Wrist shot by Samuel Pahlsson.
8:11 of 2nd period - Stopped by David LeNeveu with a rebound.
8:26 of 2nd period - Icing by Ray Macias.
8:27 of 2nd period - Tom Pyatt wins face-off versus Ben Holmstrom in Thunder zone.
9:16 of 2nd period - Tom Pyatt is hit by Ben Holmstrom and loses puck.
9:32 of 2nd period - Icing by Ben Holmstrom.
9:33 of 2nd period - Samuel Pahlsson wins face-off versus Ben Holmstrom in Gangsters zone.
10:04 of 2nd period - Slapshot by Alexandre Bolduc.
10:04 of 2nd period - Goal by Alexandre Bolduc - Thunder : 1 - Gangsters : 2.
10:05 of 2nd period - Samuel Pahlsson wins face-off versus Alexandre Bolduc in neutral zone.
10:07 of 2nd period - Off-side.
10:08 of 2nd period - Samuel Pahlsson wins face-off versus Alexandre Bolduc in neutral zone.
10:20 of 2nd period - Minor Penalty to Matt D'Agostini for Holding.
10:21 of 2nd period - Alexandre Bolduc wins face-off versus Samuel Pahlsson in Thunder zone.
10:26 of 2nd period - Wrist shot by Ryan Jones.
10:26 of 2nd period - Stopped by Barry Brust with a rebound.
10:28 of 2nd period - Slapshot by Staffan Kronwall.
10:28 of 2nd period - Deflect By Doug Janik.
10:28 of 2nd period - Stopped by Barry Brust without a rebound.
10:29 of 2nd period - Jason Blake wins face-off versus Alexandre Bolduc in Thunder zone.
10:38 of 2nd period - Wrist shot by Samuel Pahlsson.
10:38 of 2nd period - Stopped by David LeNeveu without a rebound.
10:39 of 2nd period - Alexandre Bolduc wins face-off versus Jason Blake in Gangsters zone.
10:52 of 2nd period - Snap shot by Ryan Jones.
10:52 of 2nd period - Stopped by Barry Brust with a rebound.
10:54 of 2nd period - Snap shot by Igor Radulov.
10:54 of 2nd period - Stopped by Barry Brust without a rebound.
10:55 of 2nd period - Jason Blake wins face-off versus Alexandre Bolduc in Thunder zone.
11:22 of 2nd period - Doug Janik is hit by Chris Bourque and loses puck.
12:20 of 2nd period - Penalty to Matt D'Agostini is over, Matt D'Agostini is back on ice.
12:34 of 2nd period - Minor Penalty to Dave Dziurzynski for Hooking.
12:35 of 2nd period - Igor Radulov wins face-off versus Samuel Pahlsson in Gangsters zone.
13:02 of 2nd period - Igor Radulov is hit by Ray Macias and loses puck.
13:07 of 2nd period - Snap shot by Tom Pyatt.
13:07 of 2nd period - Stopped by David LeNeveu with a rebound.
14:14 of 2nd period - Icing by Ray Macias.
14:15 of 2nd period - Brock Bradford wins face-off versus Tom Pyatt in Thunder zone.
14:34 of 2nd period - Penalty to Dave Dziurzynski is over, Dave Dziurzynski is back on ice.
14:54 of 2nd period - Slapshot by Doug Janik.
14:54 of 2nd period - Deflect By Igor Radulov.
14:54 of 2nd period - Stopped by David LeNeveu with a rebound.
14:56 of 2nd period - Slapshot by Joey Ryan.
14:56 of 2nd period - Deflect By Staffan Kronwall.
14:56 of 2nd period - Stopped by David LeNeveu with a rebound.
14:58 of 2nd period - Snap shot by Daniel Winnik.
14:58 of 2nd period - Deflect By Jannik Hansen.
14:58 of 2nd period - Shot Misses the Net.
14:58 of 2nd period - Puck is out of play.
14:59 of 2nd period - Alexandre Bolduc wins face-off versus Jerred Smithson in Gangsters zone.
14:59 of 2nd period - Alexandre Bolduc is hit by Jannik Hansen.
15:17 of 2nd period - Slapshot by Chris Bourque.
15:17 of 2nd period - Shot Misses the Net.
16:05 of 2nd period - Wrist shot by Joey Crabb.
16:05 of 2nd period - Goal by Joey Crabb - Thunder : 2 - Gangsters : 2.
16:06 of 2nd period - Artem Anisimov wins face-off versus Samuel Pahlsson in neutral zone.
16:09 of 2nd period - Jeff Finger is hit by Alexei Emelin and loses puck.
16:31 of 2nd period - Scott Parse is hit by Ryan Jones and loses puck.
16:42 of 2nd period - Slapshot by Alexei Emelin.
16:42 of 2nd period - Shot Blocked by Tom Pyatt.
17:32 of 2nd period - James Van Riemsdyk is hit by Igor Radulov and loses puck.
17:54 of 2nd period - Snap shot by Tom Pyatt.
17:54 of 2nd period - Shot Misses the Net.
17:56 of 2nd period - Snap shot by Scott Parse.
17:56 of 2nd period - Stopped by David LeNeveu without a rebound.
17:57 of 2nd period - Artem Anisimov wins face-off versus Tom Pyatt in Gangsters zone.
17:57 of 2nd period - Artem Anisimov is hit by Scott Parse.
18:06 of 2nd period - Wrist shot by Tom Pyatt.
18:06 of 2nd period - Shot Misses the Net.
18:08 of 2nd period - Snap shot by Tom Pyatt.
18:08 of 2nd period - Stopped by David LeNeveu with a rebound.
18:12 of 2nd period - Wrist shot by Tom Pyatt.
18:12 of 2nd period - Stopped by David LeNeveu without a rebound.
18:13 of 2nd period - Samuel Pahlsson wins face-off versus Alexandre Bolduc in Gangsters zone.
18:14 of 2nd period - Slapshot by Jason Blake.
18:14 of 2nd period - Stopped by David LeNeveu with a rebound.
18:24 of 2nd period - Snap shot by Igor Radulov.
18:24 of 2nd period - Goal by Igor Radulov - Thunder : 2 - Gangsters : 3.
18:25 of 2nd period - Samuel Pahlsson wins face-off versus Alexandre Bolduc in neutral zone.
19:01 of 2nd period - Wrist shot by Matt D'Agostini.
19:01 of 2nd period - Deflect By Artem Anisimov.
19:01 of 2nd period - Goal by Matt D'Agostini - Thunder : 3 - Gangsters : 3.
19:02 of 2nd period - Tom Pyatt wins face-off versus Alexandre Bolduc in neutral zone.
19:15 of 2nd period - Snap shot by Alexei Emelin.
19:15 of 2nd period - Shot Blocked by Joey Crabb.
19:17 of 2nd period - Wrist shot by Alexandre Bolduc.
19:17 of 2nd period - Shot Misses the Net.
3rd period
0:01 of 3rd period - Igor Radulov wins face-off versus Samuel Pahlsson in neutral zone.
0:06 of 3rd period - Snap shot by Alexandre Bolduc.
0:06 of 3rd period - Stopped by Barry Brust without a rebound.
0:07 of 3rd period - Alexandre Bolduc wins face-off versus Samuel Pahlsson in Thunder zone.
0:20 of 3rd period - Snap shot by Jason Blake.
0:20 of 3rd period - Stopped by David LeNeveu with a rebound.
0:22 of 3rd period - Slapshot by Samuel Pahlsson.
0:22 of 3rd period - Shot Blocked by Staffan Kronwall.
0:34 of 3rd period - Slapshot by Jeff Finger.
0:34 of 3rd period - Stopped by David LeNeveu without a rebound.
0:35 of 3rd period - Artem Anisimov wins face-off versus Jerred Smithson in Gangsters zone.
0:35 of 3rd period - Artem Anisimov is hit by Tyler Myers.
1:28 of 3rd period - Alexei Emelin is hit by Scott Parse and loses puck.
1:43 of 3rd period - Igor Radulov is hit by Jeff Finger.
1:47 of 3rd period - Snap shot by Jason Blake.
1:47 of 3rd period - Stopped by David LeNeveu with a rebound.
1:57 of 3rd period - Joey Crabb is hit by Chris Bourque and loses puck.
2:12 of 3rd period - Snap shot by Daniel Winnik.
2:12 of 3rd period - Stopped by David LeNeveu without a rebound.
2:13 of 3rd period - Jerred Smithson wins face-off versus Dave Dziurzynski in Gangsters zone.
2:47 of 3rd period - Slapshot by Daniel Winnik.
2:47 of 3rd period - Stopped by David LeNeveu without a rebound.
2:48 of 3rd period - Alexandre Bolduc wins face-off versus Samuel Pahlsson in Gangsters zone.
2:57 of 3rd period - Backhand shot by Ryan Jones.
2:57 of 3rd period - Stopped by Barry Brust with a rebound.
2:59 of 3rd period - Slapshot by Alexei Emelin.
2:59 of 3rd period - Stopped by Barry Brust without a rebound.
3:00 of 3rd period - Samuel Pahlsson wins face-off versus Ryan Jones in Thunder zone.
3:00 of 3rd period - Samuel Pahlsson is hit by Alexei Emelin.
3:08 of 3rd period - Wrist shot by Jason Blake.
3:08 of 3rd period - Shot Misses the Net.
3:26 of 3rd period - Artem Anisimov is hit by Scott Parse and loses puck.
3:59 of 3rd period - Ville Koistinen is hit by Tom Pyatt and loses puck.
4:04 of 3rd period - Snap shot by Tom Pyatt.
4:04 of 3rd period - Shot Misses the Net.
4:06 of 3rd period - Slapshot by Jeff Finger.
4:06 of 3rd period - Stopped by David LeNeveu with a rebound.
4:08 of 3rd period - Snap shot by Tom Pyatt.
4:08 of 3rd period - Stopped by David LeNeveu with a rebound.
4:10 of 3rd period - Backhand shot by Jeff Finger.
4:10 of 3rd period - Stopped by David LeNeveu with a rebound.
4:12 of 3rd period - Snap shot by Scott Parse.
4:12 of 3rd period - Stopped by David LeNeveu with a rebound.
4:14 of 3rd period - Slapshot by Jeff Finger.
4:14 of 3rd period - Stopped by David LeNeveu without a rebound.
4:15 of 3rd period - Jason Blake wins face-off versus Alexandre Bolduc in Gangsters zone.
4:40 of 3rd period - Ryan Jones is hit by Jerred Smithson and loses puck.
4:53 of 3rd period - Slapshot by Ryan Jones.
4:53 of 3rd period - Shot Misses the Net.
4:55 of 3rd period - Slapshot by Colten Teubert.
4:55 of 3rd period - Deflect By Daniel Winnik.
4:55 of 3rd period - Stopped by Barry Brust without a rebound.
4:56 of 3rd period - Artem Anisimov wins face-off versus Samuel Pahlsson in Thunder zone.
4:59 of 3rd period - Wrist shot by Mikko Lehtonen.
4:59 of 3rd period - Goal by Mikko Lehtonen - Thunder : 3 - Gangsters : 4.
5:00 of 3rd period - Samuel Pahlsson wins face-off versus Alexandre Bolduc in neutral zone.
5:27 of 3rd period - Mikko Lehtonen is hit by Joey Crabb and loses puck.
5:58 of 3rd period - Snap shot by Daniel Winnik.
5:58 of 3rd period - Shot Blocked by Alexei Emelin.
6:17 of 3rd period - Off-side.
6:18 of 3rd period - Tom Pyatt wins face-off versus Artem Anisimov in neutral zone.
6:21 of 3rd period - Ville Koistinen is hit by Doug Janik and loses puck.
7:00 of 3rd period - Wrist shot by Daniel Winnik.
7:00 of 3rd period - Deflect By Jerred Smithson.
7:00 of 3rd period - Stopped by David LeNeveu with a rebound.
7:02 of 3rd period - Snap shot by Daniel Winnik.
7:02 of 3rd period - Stopped by David LeNeveu with a rebound.
7:04 of 3rd period - Wrist shot by Jannik Hansen.
7:04 of 3rd period - Stopped by David LeNeveu with a rebound.
7:06 of 3rd period - Slapshot by Jannik Hansen.
7:06 of 3rd period - Stopped by David LeNeveu with a rebound.
7:08 of 3rd period - Slapshot by Jeff Finger.
7:08 of 3rd period - Shot Misses the Net.
8:21 of 3rd period - Alexandre Bolduc is hit by Samuel Pahlsson and loses puck.
8:43 of 3rd period - Luke Gazdic is hit by Joey Crabb.
9:32 of 3rd period - Wrist shot by Scott Parse.
9:32 of 3rd period - Stopped by David LeNeveu with a rebound.
9:56 of 3rd period - Ryan Jones is hit by Doug Janik and loses puck.
10:50 of 3rd period - Snap shot by Jason Blake.
10:50 of 3rd period - Shot Misses the Net.
10:52 of 3rd period - Backhand shot by Jannik Hansen.
10:52 of 3rd period - Goal by Jannik Hansen - Thunder : 4 - Gangsters : 4.
10:53 of 3rd period - Samuel Pahlsson wins face-off versus Mikko Lehtonen in neutral zone.
11:02 of 3rd period - Slapshot by Jason Blake.
11:02 of 3rd period - Goal by Jason Blake - Thunder : 5 - Gangsters : 4.
11:03 of 3rd period - Alexandre Bolduc wins face-off versus Samuel Pahlsson in neutral zone.
11:12 of 3rd period - Wrist shot by Alexei Emelin.
11:12 of 3rd period - Shot Blocked by Doug Janik.
12:15 of 3rd period - Slapshot by Samuel Pahlsson.
12:15 of 3rd period - Goal by Samuel Pahlsson - Thunder : 6 - Gangsters : 4.
12:16 of 3rd period - Alexandre Bolduc wins face-off versus Samuel Pahlsson in neutral zone.
12:19 of 3rd period - Jason Blake is hit by Igor Radulov and loses puck.
12:28 of 3rd period - Wrist shot by Samuel Pahlsson.
12:28 of 3rd period - Stopped by David LeNeveu with a rebound.
12:42 of 3rd period - Chris Bourque is hit by Tom Pyatt and loses puck.
12:52 of 3rd period - Minor Penalty to Joey Crabb for Interference.
12:53 of 3rd period - Alexandre Bolduc wins face-off versus Jason Blake in Thunder zone.
12:54 of 3rd period - Wrist shot by Igor Radulov.
12:54 of 3rd period - Shot Misses the Net.
13:22 of 3rd period - Slapshot by Staffan Kronwall.
13:22 of 3rd period - Stopped by Barry Brust with a rebound.
13:24 of 3rd period - Slapshot by Alexei Emelin.
13:24 of 3rd period - Stopped by Barry Brust without a rebound.
13:25 of 3rd period - Samuel Pahlsson wins face-off versus Alexandre Bolduc in Thunder zone.
14:49 of 3rd period - Samuel Pahlsson is hit by Alexandre Bolduc and loses puck.
14:52 of 3rd period - Penalty to Joey Crabb is over, Joey Crabb is back on ice.
15:40 of 3rd period - Wrist shot by Daniel Winnik.
15:40 of 3rd period - Shot Misses the Net.
15:42 of 3rd period - Wrist shot by Daniel Winnik.
15:42 of 3rd period - Shot Blocked by Colten Teubert.
Output by the SimonT Hockey Simulator (STHS) for François Prévost -- Original Page W3C XHTML 1.0 Valid